 Dungeon Crawl Stone Soup version 0.31.0-11-ge490571c62 (webtiles) character file.

Game seed: 12304570236940432548

34 Persephone the Slasher (level 3, -3/30 HPs)
             Began as a Minotaur Gladiator on Feb 1, 2024.
             Slain by Sigmund
             ... wielding a +0 scythe
              (7 damage)
             ... on level 2 of the Dungeon.
             The game lasted 00:01:51 (814 turns).

Persephone the Slasher (Minotaur Gladiator)          Turns: 814, Time: 00:01:52

Health: -3/30      AC:  3    Str: 18    XL:     3   Next: 14%
Magic:  2/2        EV: 12    Int:  5    God:
Gold:   82         SH:  0    Dex: 13    Spells: 2/2 levels left

rFire   . . .        a - +0 long sword
rCold   . . .        (no shield)
rNeg    . . .        b - +0 leather armour
rPois   .            c - +0 hat
rElec   .            (no cloak)
rCorr   .            (no gloves)
SInv    .            (no boots)
Will    .....        (no amulet)
Stlth   +            (no ring)
HPRegen 0.25/turn    (no ring)
MPRegen 0.08/turn

%: no passive effects
@: confused, brilliant
A: horns 2, retaliatory headbutt
a: no special abilities


You were on level 2 of the Dungeon.
You visited 1 branch of the dungeon, and saw 2 of its levels.

You collected 82 gold pieces.

Inventory:

Hand Weapons
 a - a +0 long sword (weapon)
Missiles
 d - 3 throwing nets (quivered)
 e - a javelin
Armour
 b - a +0 leather armour (worn)
 c - a +0 hat (worn)
Jewellery
 h - an amulet of regeneration
 j - a ring of poison resistance
Scrolls
 f - 2 scrolls of identify {unknown}
 i - a scroll of enchant armour {unknown}
 k - a scroll of vulnerability {unknown}


   Skills:
 - Level 2.4 Fighting
 + Level 5.2 Long Blades
 - Level 2.0 Throwing
 - Level 3.2 Dodging


You had 2 spell levels left.
You didn't know any spells.
Your spell library contained the following spells:

 Spells                   Type           Power      Damage    Failure   Level
 Jinxbite                 Hex            0%         N/A       67%         2
 Olgreb's Toxic Radiance  Alch           0%         N/A       99%         4
 Yara's Violent Unravell  Hex/Alch       0%         3d3       100%        5
 Enfeeble                 Hex            0%         N/A       100%        7
 Ozocubu's Refrigeration  Ice            0%         4d7       100%        7
 Discord                  Hex            0%         N/A       100%        8


Dungeon Overview and Level Annotations

Branches:
Dungeon (2/15)

Altars:

Annotations:
D:2 Sigmund


Innate Abilities, Weirdness & Mutations

You have a pair of horns on your head.
You reflexively headbutt those who attack you in melee.


Message History

A kobold comes into view. It is wielding a +0 dagger.
The kobold shouts!
Sigmund the Dreaded comes into view.
He is wielding a +0 scythe.
Sigmund shouts!
Auto kill stopped - Too dangerous: Extremely Dangerous (1) Dangerous (0) Easy (0) Harmless (1)
The kobold throws a stone.
The stone barely misses you.
Sigmund gestures wildly while chanting.
Sigmund flickers and vanishes!
Deactivating autopickup; reactivate with Ctrl-A.
Okay, then.
The kobold completely misses you.
You closely miss the kobold. You punch the kobold, but do no damage.
Something hits you! The kobold hits you with a +0 dagger.
You barely miss the kobold. The kobold barely misses you.
You furiously retaliate!
You headbutt the kobold, but do no damage.
Something hits you.
You hit the kobold.
You kill the kobold!
You hear some strange, mumbled words.
A puff of flame appears from out of thin air!
The puff of flame misses you. Something hits you.
Things that are here:
a +0 dagger; a stone You barely miss something.
You headbutt something. You miss something. Your headbutt misses something.
Something barely misses you.
You slash something!
You hear some strange, mumbled words.
You are confused.
You hit something. Something hits you.
It was a potion of brilliance.
You feel clever all of a sudden.
You hear some strange, mumbled words.
A magic dart appears from out of thin air!
The magic dart hits you!
* * * LOW HITPOINT WARNING * * *
You miss something. Something hits you!
You die...

#...#.#.#######.##
#...#............#
####..###.######...#
#...#..##..........#
#...##..##†.........
##....#..#††..<.>...
##.#.##.#..#######.
#.#...<....... #
#@##..........
#.{...........
#####......<..
#..........
#.........
#...K.....
#.........
#.....{...
####....#.


There were no monsters in sight!

Vanquished Creatures
  A dart slug (D:1)
  4 bats (D:1)
  2 endoplasms (D:1)
  A giant cockroach (D:2)
  5 goblins (D:1)
  A hobgoblin (D:1)
  3 jackals (D:1)
  A quokka (D:2)
  A ball python (D:1)
  A frilled lizard (D:1)
  4 kobolds
  5 rats
29 creatures vanquished.

Notes
Turn   | Place    | Note
-------+----------+-------------------------------------------
     0 | D:1      | Persephone the Minotaur Gladiator began the quest for the
                  | Orb.
     0 | D:1      | Reached XP level 1. HP: 18/18 MP: 0/0
   185 | D:1      | Reached skill level 4 in Long Blades
   205 | D:1      | Reached XP level 2. HP: 25/25 MP: 1/1
   486 | D:1      | Reached skill level 5 in Long Blades
   710 | D:1      | Reached XP level 3. HP: 30/30 MP: 2/2
   791 | D:2      | Noticed Sigmund
   814 | D:2      | Slain by Sigmund

Illustrated notes

Levels and vault maps discovered:
D:1:      psy_arrival_dodecagon, layout_loops_ring
D:2:      layout_rooms, chequers_serial_rivers_micro_a, uniq_sigmund

Skill      XL: |  1  2 |
---------------+-------+-----
Long Blades    | 4 5 |  5.2
Fighting       | |  2.4
Throwing       | |  2.0
Dodging        | |  3.2

Action                     || total
---------------------------++-------
  Melee: Long sword        ||    59
         Headbutt          ||    10
         Punch             ||     1
    Use: Potion            ||     1
 Armour: Leather armour    ||    26
  Dodge: Dodged            ||    43
